 Dungeon Crawl Stone Soup version 0.24-a0-201-gf205589 (webtiles) character file.

Game seed: 7597391803658804708

3592 sugabear the Martial Artist (level 10, -1/74 HPs)
             Began as a Gnoll Transmuter on Mar 20, 2019.
             Was a Follower of Uskayaw.
             Slain by Gastronok (38 damage)
             ... on level 8 of the Dungeon.
             The game lasted 00:14:18 (6753 turns).

sugabear the Martial Artist (Gnoll Transmuter)      Turns: 6753, Time: 00:14:19

Health: -1/74      AC:  3    Str: 12    XL:     10   Next: 10%
Magic:  16/20      EV: 18    Int: 18    God:    Uskayaw [*.....]
Gold:   354        SH:  0    Dex: 21    Spells: 10/23 levels left

rFire    + . .     SeeInvis .     - Unarmed
rCold    . . .     Gourm    .   (shield currently unavailable)
rNeg     . . .     Faith    .   e - +1 robe {Archmagi}
rPois    .         Spirit   .   (no helmet)
rElec    .         Reflect  .   (no cloak)
rCorr    .         Harm     .   (gloves currently unavailable)
MR       .....                  (no boots)
Stlth    +++.......             B - amulet of rage
HPRegen  0.22/turn              w - ring of protection from fire
MPRegen  0.17/turn              y - +4 ring of dexterity

@: blade hands
A: distributed training, fangs 1, strong nose
a: End Transformation, Stomp, Renounce Religion, Evoke Berserk Rage


You were on level 8 of the Dungeon.
You worshipped Uskayaw.
Uskayaw was noncommittal.
You were not hungry.
You had blades for hands.
You visited 2 branches of the dungeon, and saw 9 of its levels.

You collected 444 gold pieces.
You spent 90 gold pieces at shops.

Inventory:

Hand Weapons
 v - a +2 whip of flaming
Missiles
 a - 153 arrows
Armour
 b - a +0 robe
 e - a +1 robe of the Archmagi (worn)
Jewellery
 w - a ring of protection from fire (left scythe-like blade)
 y - a +4 ring of dexterity (right scythe-like blade)
 B - an amulet of rage (around neck)
 C - an uncursed ring of magical power {unknown}
Wands
 o - a wand of acid (7)
 E - a wand of flame (18)
Scrolls
 c - a scroll of enchant armour {unknown}
 g - 9 scrolls of identify
 j - 2 scrolls of amnesia {unknown}
 k - 6 scrolls of teleportation
 l - 2 scrolls of magic mapping {unknown}
 n - a scroll of random uselessness {unknown}
 p - a scroll of acquirement {unknown}
 q - 3 scrolls of remove curse
 x - a scroll of fear {unknown}
 A - 2 scrolls of enchant weapon {unknown}
Potions
 f - a potion of haste
 h - 2 potions of might
 i - 6 potions of heal wounds {unknown}
 m - 3 potions of brilliance {unknown}
 r - 4 potions of degeneration {unknown}
 s - a potion of lignification {unknown}
 t - 7 potions of curing
 u - 2 potions of resistance {unknown}
 z - 2 potions of flight {unknown}
Comestibles
 d - 11 rations
 D - 4 chunks of flesh


   Skills:
 + Level 5.5 Fighting
 + Level 4.8 Short Blades
 + Level 4.8 Long Blades
 + Level 4.8 Axes
 + Level 4.8 Maces & Flails
 + Level 4.8 Polearms
 + Level 4.8 Staves
 + Level 4.8 Slings
 + Level 4.8 Bows
 + Level 4.8 Crossbows
 + Level 4.8 Throwing
 + Level 4.8 Armour
 + Level 6.7 Dodging
 + Level 4.8 Stealth
 + Level 4.8 Shields
 + Level 8.2 Unarmed Combat
 + Level 7.0 Spellcasting
 + Level 4.0 Conjurations
 + Level 4.0 Hexes
 + Level 4.0 Charms
 + Level 4.0 Summonings
 + Level 4.0 Necromancy
 + Level 4.0 Translocations
 + Level 5.6 Transmutations
 + Level 4.0 Fire Magic
 + Level 4.0 Ice Magic
 + Level 4.0 Air Magic
 + Level 4.0 Earth Magic
 + Level 4.0 Poison Magic
 + Level 5.3 Invocations
 + Level 4.8 Evocations


You had 10 spell levels left.
You knew the following spells:

 Your Spells              Type           Power        Failure   Level  Hunger
a - Beastly Appendage     Tmut           #####.       16%         1    None
b - Spider Form           Tmut/Pois      #####.....   30%         3    ##.....
c - Ice Form              Ice/Tmut       #####...     54%         4    ####...
d - Blade Hands           Tmut           #####.....   73%         5    #####..

Your spell library contained the following spells:

 Spells                   Type           Power        Failure   Level  Hunger
 Sticks to Snakes         Tmut           #####...     19%         2    None


Dungeon Overview and Level Annotations

Branches:
Dungeon (8/15)             Temple (1/1) D:6
   Lair: D:8-11

Altars:
Ashenzari
Dithmenos
Elyvilon
Fedhas
Hepliaklqana
Kikubaaqudgha
Makhleb
Nemelex Xobeh
Okawaru
Qazlal
Ru
Sif Muna
Trog
Uskayaw
Vehumet
Wu Jian
Xom
Zin
The Shining One

Shops:
D:4 [*(}   D:7 !

Annotations:
D:8 Gastronok


Innate Abilities, Weirdness & Mutations

Your experience applies equally to all skills.
You have very sharp teeth.
Your uncanny sense of smell can sniff out nearby items.


Message History

You now have 354 gold pieces (gained 12).
Gastronok the Ponderous comes into view.
Gastronok is nearby!
You start resting.
HP restored.
Gastronok gurgles horribly!
Casting: Ice Form (safe; 14% risk of failure)
Confirm with . or Enter, or press ? or * to list all spells.
You feel a surge of power!
Your hands turn into razor-sharp scythe blades.
Gastronok makes a strange noise.
Gastronok bites you!!!
Ouch! That really hurt!
You slice Gastronok!! You slash Gastronok!
Gastronok is moderately wounded.
You hit Gastronok but do no damage. You bite Gastronok, but do no damage.
Gastronok is moderately wounded.
Gastronok bites you!!!
Ouch! That really hurt!
You die...

### ##.. ########... ##
#########.......... .#
#.................. .#
#.###.....###.#.... .#
#.#####_#####.#....
.#####
######.###.....###......
......
......w@...........#....
.####
#####....###..#######...
.####### ###### ##.#
##.) ..)....##### #.#
### .#####.....##
#.####### ##
#####..########
#.......# #
##.#......###.......# #
# #.........##.......# #
# #..........#.......#
##


You could see Gastronok.

Vanquished Creatures
  Pikel (D:5)
  Grinder (D:6)
  Edmund (D:6)
  A water moccasin (D:5)
  6 sky beasts
  An orc warrior (D:8)
  A slave (D:5)
  An ice beast (D:6)
  An ogre (D:5)
  2 centaurs
  4 bullfrogs
  A water moccasin zombie (D:7)
  2 scorpions
  3 howler monkeys
  3 crimson imps
  4 hounds
  A bullfrog zombie (D:7)
  4 orc priests
  A jelly (D:6)
  Natasha (D:2)
  An iguana (D:8)
  9 orc wizards
  4 worker ants (D:4)
  A killer bee zombie (D:6)
  2 hound zombies (D:5)
  11 gnolls
  A worker ant zombie (D:5)
  13 adders
  An adder zombie (D:5)
  3 leopard geckos
  18 orcs
  3 ball pythons
  3 giant cockroaches
  7 goblins
  11 hobgoblins
  9 jackals
  9 kobolds
  3 quokkas (D:3)
  10 bats
  11 frilled lizards
  A jackal zombie (D:6)
  15 rats
186 creatures vanquished.

Vanquished Creatures (others)
  A human (D:5)
1 creature vanquished.

Grand Total: 187 creatures vanquished

Notes
Turn   | Place    | Note
-------+----------+-------------------------------------------
     0 | D:1      | sugabear the Gnoll Transmuter began the quest for the Orb.
     0 | D:1      | Reached XP level 1. HP: 17/17 MP: 6/6
    92 | D:1      | Reached XP level 2. HP: 22/23 MP: 5/7
   240 | D:1      | Reached skill level 5 in Spellcasting
   240 | D:1      | Reached XP level 3. HP: 12/28 MP: 6/9
   575 | D:1      | Reached skill level 1 in Invocations
  1009 | D:2      | Reached skill level 1 in Short Blades
  1009 | D:2      | Reached skill level 1 in Long Blades
  1009 | D:2      | Reached skill level 1 in Axes
  1009 | D:2      | Reached skill level 1 in Maces & Flails
  1009 | D:2      | Reached skill level 1 in Polearms
  1009 | D:2      | Reached skill level 1 in Staves
  1009 | D:2      | Reached skill level 1 in Slings
  1009 | D:2      | Reached skill level 1 in Bows
  1009 | D:2      | Reached skill level 1 in Crossbows
  1009 | D:2      | Reached skill level 1 in Throwing
  1009 | D:2      | Reached skill level 1 in Armour
  1009 | D:2      | Reached skill level 1 in Stealth
  1009 | D:2      | Reached skill level 1 in Shields
  1009 | D:2      | Reached skill level 1 in Evocations
  1032 | D:2      | Learned a level 3 spell: Spider Form
  1038 | D:2      | Reached XP level 4. HP: 23/34 MP: 7/11
  1317 | D:2      | Noticed Natasha
  1323 | D:2      | Reached skill level 1 in Conjurations
  1323 | D:2      | Reached skill level 1 in Hexes
  1323 | D:2      | Reached skill level 1 in Charms
  1323 | D:2      | Reached skill level 1 in Summonings
  1323 | D:2      | Reached skill level 1 in Necromancy
  1323 | D:2      | Reached skill level 1 in Translocations
  1323 | D:2      | Reached skill level 1 in Fire Magic
  1323 | D:2      | Reached skill level 1 in Ice Magic
  1323 | D:2      | Reached skill level 1 in Air Magic
  1323 | D:2      | Reached skill level 1 in Earth Magic
  1323 | D:2      | Reached skill level 1 in Poison Magic
  1325 | D:2      | Killed Natasha
  1325 | D:2      | Reached XP level 5. HP: 40/40 MP: 5/12
  1859 | D:3      | Found a sparkling altar of Nemelex Xobeh.
  2107 | D:3      | Reached XP level 6. HP: 47/47 MP: 13/13
  2364 | D:4      | Found Jual's Armour Boutique.
  2387 | D:4      | Reached skill level 5 in Dodging
  2688 | D:4      | Found Zin's Purification Station.
  2689 | D:4      | Found a glowing silver altar of Zin.
  2703 | D:4      | Bought a potion of curing for 90 gold pieces
  2836 | D:4      | Learned a level 4 spell: Ice Form
  3036 | D:4      | Found Niesyhit's Gadget Shop.
  3059 | D:4      | Found Lilox's Assorted Antiques.
  3104 | D:4      | Found Wuamnouge's Weapon Boutique.
  3378 | D:5      | Entered Level 5 of the Dungeon
  3384 | D:5      | Reached XP level 7. HP: 44/52 MP: 11/15
  3454 | D:5      | Reached skill level 7 in Unarmed Combat
  3814 | D:5      | Found an ancient bone altar of Kikubaaqudgha.
  3814 | D:5      | Noticed a human
  3818 | D:5      | Killed a human
  3893 | D:5      | Found an iron altar of Okawaru.
  4020 | D:5      | Reached XP level 8. HP: 54/60 MP: 13/16
  4039 | D:5      | Noticed Pikel
  4062 | D:5      | Killed Pikel
  4436 | D:6      | Found a staircase to the Ecumenical Temple.
  4436 | D:6      | Noticed Grinder
  4458 | D:6      | Killed Grinder
  4458 | D:6      | Reached XP level 9. HP: 57/66 MP: 15/18
  4640 | Temple   | Entered the Ecumenical Temple
  4867 | Temple   | Became a worshipper of Uskayaw the Reveler
  4941 | D:6      | Reached * piety under Uskayaw
  4943 | D:6      | Reached skill level 5 in Transmutations
  4943 | D:6      | Reached ** piety under Uskayaw
  4986 | D:6      | Reached *** piety under Uskayaw
  4990 | D:6      | Reached **** piety under Uskayaw
  4997 | D:6      | Reached ***** piety under Uskayaw
  5047 | D:6      | Noticed Edmund
  5057 | D:6      | Killed Edmund
  5344 | D:6      | Learned a level 5 spell: Blade Hands
  5360 | D:7      | Reached skill level 5 in Fighting
  5406 | D:7      | Found Qefomali's Distillery.
  5865 | D:7      | Reached skill level 8 in Unarmed Combat
  6194 | D:8      | Reached skill level 5 in Invocations
  6372 | D:8      | Reached XP level 10. HP: 35/74 MP: 17/20
  6658 | D:8      | Found a shattered altar of Ashenzari.
  6687 | D:8      | Noticed Gastronok
  6753 | D:8      | Slain by Gastronok

Levels and vault maps discovered:
D:1:      minmay_arrival_floating_metal, layout_basic, hangedman_feature_mirror
D:2:      layout_rooms, uniq_natasha
D:3:      minmay_razor_zed, layout_basic, nemelex_altar_shiori, first_ration
D:4:      layout_loops_ring, zin_purify, serial_shops, shop,
          nicolae_shop_overgrown_old_shop, nicolae_shop_statue_plus, shop,
          nicolae_underground_beach
D:5:      layout_layer_cave, kennysheep_little_box, tgw_kikubaaqudgha,
          uniq_pikel
D:6:      layout_basic, temple_statues, palyth_stone_intersect,
          kennysheep_generic_room_13, uniq_edmund, uniq_grinder
D:7:      layout_loops_cross, serial_shops, shop
D:8:      layout_rooms, cheibrodos_ashenzari_chains, uniq_gastronok
Temple:   regret_index_temple_generic_petals

Skill      XL: |  1  2  3  4  5  6  7  8  9 10 |
---------------+-------------------------------+-----
Spellcasting   | 5 6 7 |  7.0
Invocations    | 1 2 3 4 5 |  5.3
Short Blades   | 1 2 3 4 |  4.8
Long Blades    | 1 2 3 4 |  4.8
Axes           | 1 2 3 4 |  4.8
Maces & Flails | 1 2 3 4 |  4.8
Polearms       | 1 2 3 4 |  4.8
Staves         | 1 2 3 4 |  4.8
Slings         | 1 2 3 4 |  4.8
Bows           | 1 2 3 4 |  4.8
Crossbows      | 1 2 3 4 |  4.8
Throwing       | 1 2 3 4 |  4.8
Armour         | 1 2 3 4 |  4.8
Stealth        | 1 2 3 4 |  4.8
Shields        | 1 2 3 4 |  4.8
Evocations     | 1 2 3 4 |  4.8
Conjurations   | 1 2 3 4 |  4.0
Hexes          | 1 2 3 4 |  4.0
Charms         | 1 2 3 4 |  4.0
Summonings     | 1 2 3 4 |  4.0
Necromancy     | 1 2 3 4 |  4.0
Translocations | 1 2 3 4 |  4.0
Fire Magic     | 1 2 3 4 |  4.0
Ice Magic      | 1 2 3 4 |  4.0
Air Magic      | 1 2 3 4 |  4.0
Earth Magic    | 1 2 3 4 |  4.0
Poison Magic   | 1 2 3 4 |  4.0
Fighting       | 3 4 5 |  5.5
Transmutations | 4 5 |  5.6
Dodging        | 5 6 |  6.7
Unarmed Combat | 7 8 |  8.2

Action                   |  1- 3 |  4- 6 |  7- 9 | 10-12 || total
-------------------------+-------+-------+-------+-------++-------
Melee: Unarmed           |    85 |   142 |   217 |    22 ||   466
       Kick              |    10 |     2 |       |       ||    12
       Bite              |     8 |     4 |     3 |     3 ||    18
       Headbutt          |     5 |       |       |       ||     5
       Punch             |       |       |       |     1 ||     1
 Cast: Beastly Appendage |    15 |     1 |       |       ||    16
       Spider Form       |     1 |    28 |     5 |       ||    34
       Ice Form          |       |       |    16 |     1 ||    17
       Blade Hands       |       |       |     4 |     4 ||     8
 Abil: End Transformatio |       |     1 |     1 |       ||     2
  Use: Potion            |       |     1 |       |       ||     1
       Scroll            |       |       |     2 |       ||     2
 Stab: Sleeping          |       |     8 |     7 |     1 ||    16
       Paralysed         |       |       |     5 |       ||     5
  Eat: Chunk             |       |     8 |    12 |     3 ||    23
       Ration            |       |       |     1 |       ||     1
Armor: Robe              |    15 |     3 |     4 |     2 ||    24
       Skin              |       |     6 |    26 |       ||    32
Dodge: Dodged            |    53 |   118 |   153 |     8 ||   332

Table legend:
 A = Non-vault XP
 B = Vault XP
 C = Vault XP percentage of total XP
 D = Non-vault monster count
 E = Vault monster count
 F = Vault count percentage of total count
                 A         B        C        D         E       F
            +---------+---------+-------+---------+---------+-------
      Total |    3961 |    1171 |  22.8 |     168 |      17 |   9.2
            +---------+---------+-------+---------+---------+-------
        D:1 |      58 |       3 |   4.9 |      30 |       2 |   6.2
        D:2 |      86 |      35 |  28.9 |      19 |       1 |   5.0
        D:3 |     125 |      20 |  13.8 |      23 |      11 |  32.4
        D:4 |     249 |       0 |   0.0 |      16 |       0 |   0.0
        D:5 |     851 |     651 |  43.3 |      22 |       1 |   4.3
        D:6 |     726 |     462 |  38.9 |      17 |       2 |  10.5
        D:7 |     832 |       0 |   0.0 |      16 |       0 |   0.0
        D:8 |    1034 |       0 |   0.0 |      25 |       0 |   0.0
            +---------+---------+-------+---------+---------+-------
